 Dungeon Crawl Stone Soup version 0.27-a0-906-g0a00ce863d (webtiles) character file.

Game seed: 624766432897801925

9 Alarkh the Insei (level 2, 6/22 HPs)
             Began as a Demonspawn Gladiator on Apr 6, 2021.
             Got out of the dungeon alive.
             The game lasted 00:00:47 (490 turns).

Alarkh the Insei (Demonspawn Gladiator)              Turns: 490, Time: 00:00:48

Health: 6/22       AC:  4    Str: 13 (14) XL:     2   Next: 6%
Magic:  2/2        EV: 12    Int:  8 (9)  God:
Gold:   0          SH:  0    Dex: 11 (14) Spells: 1/1 levels left

rFire    . . .     SeeInvis .     - Unarmed
rCold    . . .     Faith    .   (no shield)
rNeg     . . .     Spirit   .   a - +0 leather armour
rPois    .         Reflect  .   b - +0 helmet
rElec    .         Harm     .   (no cloak)
rCorr    .         Rampage  .   (no gloves)
Will     .....                  (no boots)
Stlth    +.........             (no amulet)
HPRegen  0.07/turn              (no ring)
MPRegen  0.08/turn              (no ring)

@: no status effects
A: hooves 1
a: no special abilities


You escaped.
You visited 1 branch of the dungeon, and saw 1 of its levels.

Inventory:

Missiles
 c - 3 throwing nets (quivered)
Armour
 a - a +0 leather armour (worn)
 b - a +0 helmet (worn)


   Skills:
 + Level 2.2 Fighting
 - Level 1.7 Throwing
 - Level 2.6 Dodging
 * Level 3.1 Unarmed Combat


You had one spell level left.
You didn't know any spells.
Your spell library was empty.

Dungeon Overview and Level Annotations

Branches:
Dungeon (1/15)

Altars:


Innate Abilities, Weirdness & Mutations

You have large cloven feet.


Message History

The kobold barely misses you.
You closely miss the kobold.
The kobold is severely wounded.
The kobold closely misses you.
You closely miss the kobold.
The kobold is severely wounded.
The kobold closely misses you.
You hit the kobold.
You kill the kobold!
You have reached level 2!
Your demonic ancestry asserts itself...
Your feet thicken and deform.
You see here a +0 whip.
You see here a +0 great mace.
The kobold throws a stone.
The stone barely misses you.
Found 4 boomerangs.
The kobold throws a stone.
The stone barely misses you.
There is an open door here.
There is an open door here.
There is an open door here.
There is a staircase leading out of the dungeon here.
You closely miss the hobgoblin. Your kick misses the hobgoblin.
The hobgoblin closely misses you.
You hit the hobgoblin.
The hobgoblin is moderately wounded.
The hobgoblin barely misses you.
You hit the hobgoblin.
The hobgoblin is severely wounded.
You hit the hobgoblin but do no damage.
The hobgoblin is severely wounded.
The hobgoblin hits you but does no damage.
You closely miss the hobgoblin. Your kick misses the hobgoblin.
The hobgoblin is severely wounded.
The hobgoblin hits you.
* * * LOW HITPOINT WARNING * * *
You hit the hobgoblin.
You kill the hobgoblin!
Are you sure you want to leave the Dungeon?
This will make you lose the game! The kobold misses you.
You have escaped!

..#....# ###....#
###....# .......# #####
.##....# #...##.##
K###.#.# ##.#.##.#
.###.#.#.# ##.#.##.#.#
...#.#.#.# #.###K#K#.#
...#.#.#.# #KK@#.#.#.#
#..#.#.#.# #.###.#.#(#
#..#.#.#.# ##..K##K#.#
#......#.#.
#.#####.'#.#
##.#K#.#.##.
#.....##.##
.......#..##.#######.##
###.##.##..##..#..K.##
#..#.##...###K#####..
##.#.....K.K........#


You could see 2 kobolds.

Vanquished Creatures
  2 giant cockroaches (D:1)
  A goblin (D:1)
  2 hobgoblins (D:1)
  A quokka (D:1)
  2 kobolds (D:1)
8 creatures vanquished.

Notes
Turn   | Place    | Note
-------+----------+-------------------------------------------
     0 | D:1      | Alarkh the Demonspawn Gladiator began the quest for the
                  | Orb.
     0 | D:1      | Reached XP level 1. HP: 16/16 MP: 1/1
   259 | D:1      | Found a faded altar of an unknown god.
   291 | D:1      | Reached skill level 3 in Unarmed Combat
   390 | D:1      | Gained mutation: You have large cloven feet. [demonic
                  | ancestry]
   390 | D:1      | Reached XP level 2. HP: 3/22 MP: 2/2
   490 | D:$      | Got out of the dungeon alive.

Illustrated notes

Levels and vault maps discovered:
D:1:      evilmike_arrival_rings, layout_basic,
          shapermc_ecumenical_altar_hornbeckon, serial_shops, shop,
          minmay_tromino_v4_b

Skill      XL: |  1 |
---------------+----+-----
Unarmed Combat | 3 |  3.1
Fighting       | |  2.2
Throwing       | |  1.7
Dodging        | |  2.6

Action                   || total
-------------------------++-------
Melee: Unarmed           ||    55
       Punch             ||     1
  Use: Potion            ||     1
Armor: Leather armour    ||    17
Dodge: Dodged            ||    36

Table legend: (Time is in decaauts)
 A = Elapsed time spent in this place.
 B = Non-inter-level travel time spent in this place.
 C = Inter-level travel time spent in this place.
 D = Time resting spent in this place.
 E = Time spent auto-exploring this place.
 F = Levels seen in this place.
 G = Mean time per level.
                   A        B        C        D        E       F      G
               +--------+--------+--------+--------+--------+-----+--------+
         Total |    490 |    490 |      0 |     64 |    237 |   1 |  490.0 |
       Dungeon |    490 |    490 |      0 |     64 |    237 |   1 |  490.0 |
               +--------+--------+--------+--------+--------+-----+--------+

Top non-repeatable levels by time:
     D:1: 490 daAuts
